 Dungeon Crawl Stone Soup version 0.25-a0-44-g29a1220a87 (webtiles) character file.

Game seed: 12734728871349349091, levelgen mode: deterministic

101531 Alarkh the Fencer (level 15, -7/123 HPs)
             Began as a Demonspawn Fighter on Oct 23, 2019.
             Was a High Priest of Uskayaw.
             Mangled by a sun demon (12 damage)
             ... summoned by an orc sorcerer
             ... on level 2 of the Orcish Mines.
             The game lasted 00:56:23 (23004 turns).

Alarkh the Fencer (Demonspawn Fighter)             Turns: 23004, Time: 00:56:24

Health: -7/123     AC: 10    Str: 23    XL:     15   Next: 83%
Magic:  24/24      EV: 15    Int: 15    God:    Uskayaw [*****.]
Gold:   1433       SH: 12    Dex: 13    Spells: 14/14 levels left

rFire    . . .     SeeInvis +   a - +6 scimitar (slice)
rCold    . . .     Gourm    .   c - +0 shield
rNeg     . . .     Faith    .   W - +2 troll leather armour
rPois    +         Spirit   .   m - +2 helmet {SInv}
rElec    .         Reflect  .   M - +2 cloak {rPois}
rCorr    +         Harm     .   D - +0 pair of gloves
MR       +....                  (no boots)
Stlth    +.........             B - amulet of regeneration
HPRegen  6.10/turn              S - +6 ring of strength
MPRegen  0.19/turn              x - ring of resist corrosion

@: corroded
A: talons 2, rugged brown scales 3, powered by death 2
a: Stomp, Line Pass, Grand Finale, Renounce Religion


You were on level 2 of the Orcish Mines.
You worshipped Uskayaw.
Uskayaw was pleased with you.
You were not hungry.

You visited 4 branches of the dungeon, and saw 23 of its levels.
You also visited: Bailey and Ice Cave.

You collected 1834 gold pieces.
You spent 401 gold pieces at shops.

Inventory:

Hand Weapons
 a - a +6 scimitar of slicing (weapon)
 b - a +0 scimitar of flaming
Armour
 c - a +0 shield (worn)
 m - a +2 helmet of see invisible (worn)
 D - a +0 pair of gloves (worn)
 M - a +2 cloak of poison resistance (worn)
 W - a +2 troll leather armour (worn)
Jewellery
 h - an uncursed ring of teleportation
 x - a ring of resist corrosion (right hand)
 B - an amulet of regeneration (around neck)
 S - a +6 ring of strength (left hand)
Wands
 d - a wand of random effects (29)
 j - a wand of paralysis (10)
 y - a wand of scattershot (4)
 F - a wand of polymorph (26)
 H - a wand of clouds (3)
 K - a wand of enslavement (4)
 N - a wand of digging (14)
Scrolls
 g - a scroll of magic mapping
 k - 14 scrolls of remove curse
 q - 6 scrolls of teleportation
 r - 2 scrolls of identify
 t - 2 scrolls of blinking
 G - 6 scrolls of fog
 U - a scroll of fear
Potions
 i - 11 potions of curing
 l - a potion of ambrosia
 n - 3 potions of agility
 o - 2 potions of cancellation
 p - 5 potions of heal wounds
 v - a potion of might
 w - a potion of mutation
 C - a potion of flight
 I - 2 potions of resistance
 P - a potion of brilliance
 T - a potion of lignification
 X - a potion of haste
Miscellaneous
 O - a lamp of fire
 R - 2 sacks of spiders
Comestibles
 f - 41 rations
 s - 9 chunks of flesh


   Skills:
 + Level 10.0 Fighting
 * Level 15.6 Long Blades
 + Level 9.2 Armour
 + Level 8.7 Dodging
 + Level 9.3 Shields
 + Level 12.0 Invocations
 + Level 8.7 Evocations


You had 14 spell levels left.
You didn't know any spells.
Your spell library contained the following spells:

 Spells                   Type           Power        Failure   Level  Hunger
 Corona                   Hex            #......      54%         1    ##.....
 Infusion                 Chrm           #...         54%         1    ##.....
 Ensorcelled Hibernation  Hex/Ice        #.....       67%         2    ###....
 Shroud of Golubria       Chrm/Tloc      #.....       67%         2    ###....
 Slow                     Hex            #.......     67%         2    ###....
 Song of Slaying          Chrm           #.......     67%         2    ###....
 Confuse                  Hex            #.......     88%         3    ####...
 Conjure Flame            Conj/Fire      #.......     88%         3    ####...
 Dazzling Spray           Conj/Hex       #.....       88%         3    ####...
 Inner Flame              Hex/Fire       #.......     88%         3    ####...
 Portal Projectile        Hex/Tloc       #.....       88%         3    ####...
 Regeneration             Chrm/Necr      #.........   88%         3    ####...
 Spectral Weapon          Hex/Chrm       #.......     88%         3    ####...
 Tukima's Dance           Hex            #.......     88%         3    ####...
 Cause Fear               Hex            #.........   99%         4    #####..
 Leda's Liquefaction      Hex/Erth       #.........   99%         4    #####..
 Bolt of Magma            Conj/Fire/Erth #.........   100%        5    ######.
 Iskenderun's Battlesphe  Conj/Chrm      #.......     100%        5    ######.
 Lee's Rapid Deconstruct  Erth           #.........   100%        5    ######.
 Venom Bolt               Conj/Pois      #.........   100%        5    ######.
 Bolt of Fire             Conj/Fire      #.........   100%        6    #######
 Iron Shot                Conj/Erth      #.........   100%        6    #######
 Orb of Destruction       Conj           #.........   100%        7    #######
 Spellforged Servitor     Conj/Summ      #.........   100%        7    #######


Dungeon Overview and Level Annotations

Branches:
Dungeon (14/15)            Temple (1/1) D:4            Lair (6/6) D:9
  Swamp (0/4) Lair:4       Spider (0/4) Lair:2        Slime (0/5) Lair:6
    Orc (2/2) D:11            Elf (0/3) Orc:2        Vaults (0/5) D:13
 Bailey (visited)           IceCv (visited)

Altars:
Ashenzari
Cheibriados
Dithmenos
Elyvilon
Fedhas
Gozag
Hepliaklqana
Kikubaaqudgha
Makhleb
Nemelex Xobeh
Okawaru
Qazlal
Ru
Sif Muna
Trog
Uskayaw
Vehumet
Wu Jian
Xom
Yredelemnul
Zin
The Shining One
Jiyva

Shops:
D:4 [   D:6 *   D:8 [   Orc:1 (

Annotations:
D:9 2 transporters, Killmatronix's ghost, journeyman KoHu
D:12 exclusion: obsidian statue
D:13 2 runed translucent doors, exclusion: orange crystal statue, Tiulit's ghost, journeyman FoCK
D:14 2 transporters
Orc:2 3 runed translucent doors


Innate Abilities, Weirdness & Mutations

You have razor-sharp toenails.
You are completely covered in rugged brown scales. (AC +3, +7% HP)
You regenerate health from kills.


Message History

Beogh smites you!
The orc high priest hits you from afar with a +0 trident.
The sun demon misses you. You block the orc wizard's attack.
The orc warrior hits you with a +0 mace!
* * * LOW HITPOINT WARNING * * *
You hit the orc sorcerer but do no damage.
The orc sorcerer is almost dead.
The orc sorcerer wildly gestures.
The orc sorcerer's hands start to glow.
The orc sorcerer points at you and mumbles some strange words.
The orange demon stings you but does no damage.
An orc wizard comes into view. It is wielding a +3 vampiric dagger.
The orc priest mumbles some strange prayers to Beogh against you.
Beogh smites you!
* * * LOW HITPOINT WARNING * * *
The orc high priest hits you but does no damage.
The sun demon hits you!
* * * LOW HITPOINT WARNING * * *
You are engulfed in flames!
You die...

.......................
........................
........................
........................
........................
........................
........................
......3))...............
.....oo@3o..............
....o43o)..............#
....4ooo................
####ooo######...>... ..


o4o.o #..... .4o..o #... ...#### .. ... You could see 2 orc high priests, 2 sun
demons, 2 orange demons, 2 hellwings, a sixfirhy, an orc sorcerer, 2 orc
warriors, 5 orc priests and 6 orc wizards.

Vanquished Creatures
  Agnes (D:14)
  A ghost moth (shapeshifter) (D:14)
  An orc warlord (Orc:2)
  An ironheart preserver (D:13)
  Snorg (Lair:5)
  7 hydras
  Erica (D:11)
  A centaur warrior (D:14)
  2 two-headed ogres
  A queen ant (Lair:2)
  10 death yaks (Lair:6)
  An orc high priest (Orc:2)
  3 unseen horrors
  A swamp dragon (Lair:4)
  A necromancer (IceCv)
  A deep elf mage (D:12)
  3 cyclopes
  A manticore (Lair:3)
  13 elephants
  4 black mambas
  4 ice statues
  23 spiny frogs
  2 gargoyles (D:14)
  5 komodo dragons
  2 rime drakes
  A freezing wraith (D:14)
  9 ice devils (IceCv)
  6 trolls
  A queen bee (Lair:3)
  4 polar bears (Lair:6)
  9 hornets
  17 slime creatures
  8 dream sheep
  28 blink frogs
  11 hippogriffs
  Sigmund (D:5)
  13 spriggans (Lair:6)
  A vampire (D:13)
  A tarantella (Lair:2)
  7 wyverns
  21 yaks
  3 basilisks
  2 vampire mosquitoes
  2 steam dragons
  7 hungry ghosts
  2 wargs
  16 water moccasins
  22 soldier ants
  An acid dragon (D:12)
  30 orc warriors
  14 porcupines
  A hornet zombie (D:9)
  5 ice beasts
  2 sky beasts
  11 ogres
  A necrophage (D:14)
  2 phantoms
  10 black bears
  2 eyes of draining
  4 boggarts (Lair:6)
  9 centaurs
  15 wolves (Lair:6)
  16 crocodiles
  2 big kobolds
  Blork the orc (D:4)
  19 bullfrogs
  A wyvern zombie (D:12)
  A water moccasin zombie (D:9)
  6 scorpions
  33 killer bees
  18 wights
  5 howler monkeys
  A centaur zombie (D:10)
  3 crimson imps
  13 hounds
  5 centaur skeletons
  2 draconian simulacra (IceCv)
  4 bullfrog zombies
  2 jellies
  20 orc priests
  Crazy Yiuf (D:5)
  8 iguanas
  15 orc wizards
  3 bullfrog skeletons
  Ijyb (D:5)
  32 worker ants
  A spriggan simulacrum (IceCv)
  4 troll simulacra (IceCv)
  3 hound skeletons
  A mummy (D:4)
  3 worker ant zombies (D:9)
  7 gnolls
  12 adders
  3 naga simulacra (IceCv)
  A river rat (Lair:3)
  5 shadow imps
  12 white imps (Lair:1)
  An adder zombie (D:5)
  3 adder skeletons
  8 worms
  A dart slug (D:2)
  6 leopard geckos
  73 orcs
  A ball python (D:4)
  10 bats
  6 giant cockroaches
  6 goblins
  10 hobgoblins
  10 jackals
  4 quokkas
  5 frilled lizards
  2 hobgoblin zombies (D:4)
  A jackal skeleton (D:9)
  22 kobolds
  2 kobold zombies (D:4)
  A leopard gecko skeleton (D:4)
  9 rats
  3 fungi
838 creatures vanquished.

Vanquished Creatures (others)
  A centaur (Bailey)
  26 fungi
  11 plants
38 creatures vanquished.

Grand Total: 876 creatures vanquished

Notes
Turn   | Place    | Note
-------+----------+-------------------------------------------
     0 | D:1      | Alarkh the Demonspawn Fighter began the quest for the Orb.
     0 | D:1      | Reached XP level 1. HP: 18/18 MP: 1/1
   100 | D:1      | Reached skill level 2 in Long Blades
   237 | D:1      | You fall into a shaft and drop 1 floor!
   238 | D:2      | Noticed a black bear
   243 | D:2      | Killed a black bear
   243 | D:2      | Reached skill level 4 in Long Blades
   243 | D:2      | Gained mutation: You are partially covered in rugged brown
                  | scales. (AC +1, +3% HP) [demonic ancestry]
   243 | D:2      | Reached XP level 2. HP: 8/24 MP: 2/2
   243 | D:2      | Gained mutation: You are mostly covered in rugged brown
                  | scales. (AC +2, +5% HP) [demonic ancestry]
   243 | D:2      | Reached XP level 3. HP: 8/30 MP: 3/3
   243 | D:2      | Reached XP level 4. HP: 10/36 MP: 4/4
   656 | D:2      | Found a shimmering altar of Xom.
   656 | D:2      | Found a shimmering altar of Xom.
   656 | D:2      | Found a shimmering altar of Xom.
  1186 | D:1      | Gained mutation: You regenerate a little health from kills.
                  | [demonic ancestry]
  1186 | D:1      | Reached XP level 5. HP: 43/43 MP: 5/5
  2205 | D:3      | Reached skill level 5 in Long Blades
  3483 | D:4      | Found a staircase to the Ecumenical Temple.
  3492 | Temple   | Entered the Ecumenical Temple
  3773 | D:4      | Reached skill level 6 in Long Blades
  3773 | D:4      | Reached XP level 6. HP: 35/49 MP: 6/6
  4661 | D:4      | Reached skill level 7 in Long Blades
  4800 | D:4      | Found Viul's Armour Emporium.
  4805 | D:4      | Bought a +0 helmet of see invisible for 161 gold pieces
  4844 | D:4      | Reached XP level 7. HP: 54/54 MP: 7/7
  5204 | D:4      | Found a blossoming altar of Fedhas.
  5242 | D:4      | Noticed Blork the orc
  5255 | D:4      | Killed Blork the orc
  5298 | D:4      | Found a radiant altar of Vehumet.
  5425 | D:5      | Entered Level 5 of the Dungeon
  5490 | D:5      | Found a burning altar of Makhleb.
  5566 | D:5      | Noticed Sigmund
  5580 | D:5      | Killed Sigmund
  5580 | D:5      | Reached skill level 8 in Long Blades
  5640 | D:5      | Noticed Ijyb
  5713 | D:5      | Killed Ijyb
  5780 | D:5      | Found a glowing silver altar of Zin.
  5903 | D:5      | Gained mutation: You are completely covered in rugged brown
                  | scales. (AC +3, +7% HP) [demonic ancestry]
  5903 | D:5      | Reached XP level 8. HP: 28/62 MP: 8/8
  6027 | D:5      | Reached skill level 9 in Long Blades
  6390 | D:5      | Found a hazy altar of Hepliaklqana.
  6401 | D:5      | Found a bloodstained altar of Trog.
  6402 | D:5      | Found a sparkling altar of Nemelex Xobeh.
  6603 | D:5      | Found a runed translucent door.
  6604 | D:5      | Noticed Crazy Yiuf
  6625 | D:5      | Killed Crazy Yiuf
  6743 | D:6      | Found Rummach's General Store.
  6830 | D:6      | Reached skill level 10 in Long Blades
  6955 | D:6      | Found a hide-covered altar of Uskayaw.
  7301 | D:6      | Reached XP level 9. HP: 66/67 MP: 9/9
  7304 | D:6      | Became a worshipper of Uskayaw the Reveler
  7643 | D:6      | Reached * piety under Uskayaw
  7687 | D:6      | Reached skill level 11 in Long Blades
  7702 | D:6      | Found a shimmering blue altar of Sif Muna.
  7827 | D:6      | Reached ** piety under Uskayaw
  8095 | D:6      | Reached skill level 1 in Invocations
  8188 | D:7      | Reached *** piety under Uskayaw
  8193 | D:7      | Reached **** piety under Uskayaw
  8195 | D:7      | Reached skill level 1 in Dodging
  8527 | D:6      | Bought a scroll of brand weapon for 240 gold pieces
  9040 | D:8      | Found Xuetixoo's Antique Armour Shoppe.
  9402 | D:8      | Gained mutation: You have sharp toenails. [demonic
                  | ancestry]
  9402 | D:8      | Reached XP level 10. HP: 77/77 MP: 12/12
  9708 | D:9      | Found a transporter.
  9708 | D:9      | Noticed Killmatronix's ghost (journeyman KoHu)
  9782 | D:9      | Reached ***** piety under Uskayaw
  9795 | D:9      | Noticed a two-headed ogre
  9798 | D:9      | Reached ****** piety under Uskayaw
  9809 | D:9      | Killed a two-headed ogre
  9836 | D:9      | Reached skill level 5 in Invocations
  9838 | D:9      | Reached skill level 5 in Fighting
  9838 | D:9      | Reached skill level 12 in Long Blades
  9847 | D:9      | Found a staircase to the Lair.
  9862 | D:9      | Reached skill level 1 in Evocations
 10098 | D:9      | Found a transporter.
 10436 | D:10     | Entered Level 10 of the Dungeon
 10663 | D:10     | Found a stormy altar of Qazlal.
 11375 | D:11     | Reached XP level 11. HP: 83/85 MP: 15/15
 11391 | D:10     | Reached skill level 5 in Armour
 11532 | D:10     | Reached skill level 5 in Shields
 11600 | D:11     | Noticed Erica
 11609 | D:11     | Killed Erica
 11748 | D:11     | Found a staircase to the Orcish Mines.
 12002 | D:11     | You fall into a shaft and drop 3 floors!
 12011 | D:14     | Noticed an orb spider
 12109 | D:13     | Found a runed translucent door.
 12110 | D:13     | Found a shimmering altar of Xom.
 12110 | D:13     | Noticed Tiulit's ghost (journeyman FoCK)
 12110 | D:13     | Noticed a +2 glaive of chaos
 12129 | D:13     | Found a flagged portal.
 12200 | Bailey   | Entered a bailey
 12608 | Bailey   | Reached skill level 5 in Dodging
 12841 | Bailey   | Reached skill level 13 in Long Blades
 12841 | Bailey   | Reached XP level 12. HP: 97/97 MP: 16/18
 13262 | D:11     | Gained mutation: You regenerate health from kills. [demonic
                  | ancestry]
 13262 | D:11     | Reached XP level 13. HP: 85/102 MP: 19/19
 13543 | D:12     | Found a blossoming altar of Fedhas.
 13656 | D:12     | Reached skill level 5 in Evocations
 14656 | D:13     | Found a gate to the Vaults.
 14656 | D:13     | Noticed an ironheart preserver
 14678 | D:13     | Killed an ironheart preserver
 14735 | D:13     | Found a runed translucent door.
 15057 | D:14     | Found a transporter.
 15222 | D:14     | Noticed Agnes
 15237 | D:14     | Killed Agnes
 15453 | D:14     | Reached skill level 14 in Long Blades
 15553 | D:14     | Found a transporter.
 15684 | D:14     | Noticed a ghost moth
 15696 | D:14     | Killed a ghost moth
 15811 | D:14     | Paralysed by a hornet for 2 turns
 15991 | Lair:1   | Entered Level 1 of the Lair of Beasts
 16352 | Lair:1   | Gained mutation: You have razor-sharp toenails. [demonic
                  | ancestry]
 16352 | Lair:1   | Reached XP level 14. HP: 113/113 MP: 21/21
 16388 | Lair:1   | Found a frozen archway.
 16490 | IceCv    | Entered an ice cave
 16688 | IceCv    | Reached skill level 10 in Invocations
 16795 | IceCv    | Got a twisted chain mail
 16797 | IceCv    | Got a steaming battleaxe
 16800 | IceCv    | Got an ancient bardiche
 16958 | Lair:1   | Identified the cursed +1 chain mail of Taruonul {Str+5}
                  | (You found it in an ice cave)
 17652 | Lair:2   | Identified the +5 battleaxe "Viphair" {freeze, *Noise Int+2
                  | Dex+2} (You found it in an ice cave)
 17851 | Lair:2   | Found a hole to the Spider Nest.
 19602 | Lair:4   | Found a staircase to the Swamp.
 19940 | Lair:5   | Noticed Snorg
 19956 | Lair:5   | Killed Snorg
 20027 | Lair:5   | Reached skill level 15 in Long Blades
 20101 | Lair:5   | Reached XP level 15. HP: 103/120 MP: 23/23
 20569 | Lair:6   | Entered Level 6 of the Lair of Beasts
 20569 | Lair:6   | Found a staircase to the Slime Pits.
 20571 | Lair:6   | Found a viscous altar of Jiyva.
 21230 | Lair:6   | Identified the Almanac of the Equator
 22400 | Orc:1    | Entered Level 1 of the Orcish Mines
 22511 | Orc:1    | Found Zubibir's Weapon Emporium.
 22555 | Orc:2    | Entered Level 2 of the Orcish Mines
 22601 | Orc:2    | Noticed an orc warlord
 22632 | Orc:2    | Reached skill level 10 in Fighting
 22712 | Orc:2    | Killed an orc warlord
 22827 | Orc:2    | Found a burning altar of Makhleb.
 22913 | Orc:2    | Found a runed translucent gate.
 22913 | Orc:2    | Found a runed translucent gate.
 22913 | Orc:2    | Found a runed translucent gate.
 22962 | Orc:2    | Found a staircase to the Elven Halls.
 23004 | Orc:2    | HP: 5/123 [sun demon[an orc sorcerer] (8)]
 23004 | Orc:2    | Mangled by a sun demon

Levels and vault maps discovered:
D:1:      dpeg_arrival_rooms_c, layout_basic
D:2:      layout_basic, xom_redecorated
D:3:      layout_basic, first_ration
D:4:      layout_gridville, lemuel_round_altar, lemuel_coloured_pillars_altar,
          minmay_temple_entry_sparse_star, serial_shops, kennysheep_little_box,
          minmay_mini_ossuary, uniq_blork_the_orc
D:5:      minmay_razor_zed, layout_basic, lemuel_doored_altar,
          marbit_many_paths, old_standard_altar,
          gammafunk_temple_overflow_statue, st_stairs_14,
          uniq_crazy_yiuf_cottage, uniq_ijyb, uniq_sigmund
D:6:      layout_loops_corners, tgw_sif, eat_drink_and_be_merry_uskayaw,
          serial_shops, nicolae_shop_trees, lightli_minifort
D:7:      layout_loops_ring
D:8:      layout_basic, serial_shops, shop
D:9:      layout_loops_cross, due_lair_maze_entry_diamond,
          gammafunk_ghost_stat_death
D:10:     layout_grid_maze, basic_altar, hangedman_pestilent_swarm
D:11:     layout_loops_cross, erik_orc_4, uniq_erica
D:12:     layout_roguey, basic_altar, minmay_more_statues
D:13:     layout_irregular_city, skrybe_vaults_entry_preservation,
          enter_bailey_2, ebering_ghost_xom, minmay_crystal_box
D:14:     gammafunk_the_bubble [the_bubble_gammafunk_split], layout_long_grid,
          minmay_misc_feat_four_crosses, minmay_strange_pillars, uniq_agnes
Temple:   minmay_temple_bridge_abc
Lair:1:   layout_loops_ring, portal_ice_cave_entry_imps, grunt_megastairs_5
Lair:2:   layout_loops_ring, spider_nest_entry_rubble, minivault_29
Lair:3:   regret_index_wax_grids, layout_hall_layers, serial_bayou_shore_b
Lair:4:   layout_cave_shapes, minmay_swamp_entry_reptiles
Lair:5:   layout_long_grid, uniq_snorg
Lair:6:   minmay_lair_end_enchanted_forest, layout_regular_city, slime_altar_1,
          serial_bayou_shore_b
Orc:1:    layout_caves, serial_shops, nicolae_shop_behind_doors,
          nicolae_orc_damp_corner, minmay_orc_temple_b
Orc:2:    st_orc_mages, layout_caves, basic_altar, gammafunk_ghost_necromancy

Skill      XL: |  1  2  3  4  5  6  7  8  9 10 11 12 13 14 15 |
---------------+----------------------------------------------+-----
Long Blades    | 4 6 7 8 10 11 12 13 14 15 | 15.6
Invocations    | 3 5 8 9 11 12 | 12.0
Armour         | 3 4 6 7 8 9 |  9.2
Dodging        | 2 4 5 6 7 8 |  8.7
Shields        | 3 4 6 7 8 9 |  9.3
Fighting       | 4 5 7 8 9 10 | 10.0
Evocations     | 2 4 6 7 8 |  8.7

Action                   |  1- 3 |  4- 6 |  7- 9 | 10-12 | 13-15 || total
-------------------------+-------+-------+-------+-------+-------++-------
Melee: Long sword        |    17 |   332 |    50 |       |       ||   399
       Short sword       |       |       |   173 |       |       ||   173
       Unarmed           |       |       |    28 |       |       ||    28
       Scimitar          |       |       |   250 |   499 |  1497 ||  2246
       Kick              |       |       |       |   189 |   557 ||   746
Invok: Line Pass         |       |       |       |       |     2 ||     2
Evoke: Wand              |       |       |       |     2 |       ||     2
  Use: Potion            |     1 |     2 |     2 |     3 |     8 ||    16
       Scroll            |       |     2 |     7 |     5 |    20 ||    34
 Stab: Paralysed         |       |       |     5 |    30 |   128 ||   163
       Sleeping          |       |       |       |       |     6 ||     6
       Confused          |       |       |       |       |     1 ||     1
       Fleeing           |       |       |       |       |     1 ||     1
  Eat: Chunk             |       |    10 |    15 |    15 |    36 ||    76
       Ration            |       |     1 |     1 |       |     1 ||     3
Armor: Scale mail        |    15 |   154 |   141 |   235 |    62 ||   607
       Skin              |       |       |     8 |       |       ||     8
       Troll leather arm |       |       |       |       |   317 ||   317
Dodge: Dodged            |     5 |    83 |   115 |   195 |   589 ||   987
Block: Shield            |     8 |   181 |   149 |   281 |   709 ||  1328
       Rpst.: Long sword |     1 |    24 |     2 |       |       ||    27
       Scimitar          |       |       |    14 |    54 |   150 ||   218

Table legend:
 A = Non-vault XP
 B = Vault XP
 C = Vault XP percentage of total XP
 D = Non-vault monster count
 E = Vault monster count
 F = Vault count percentage of total count
                 A         B        C        D         E       F
            +---------+---------+-------+---------+---------+-------
      Total |   89357 |   40352 |  31.1 |     544 |     291 |  34.9
            +---------+---------+-------+---------+---------+-------
        D:1 |      27 |       0 |   0.0 |      16 |       0 |   0.0
        D:2 |     189 |       0 |   0.0 |      27 |       0 |   0.0
        D:3 |     163 |       0 |   0.0 |      30 |       0 |   0.0
        D:4 |     520 |     116 |  18.2 |      18 |       6 |  25.0
        D:5 |     147 |     817 |  84.8 |       5 |      16 |  76.2
        D:6 |    1161 |     176 |  13.2 |      27 |       4 |  12.9
        D:7 |    1207 |       0 |   0.0 |      24 |       0 |   0.0
        D:8 |    1029 |       0 |   0.0 |      15 |       0 |   0.0
        D:9 |    2582 |    1214 |  32.0 |      37 |      10 |  21.3
       D:10 |    1332 |     649 |  32.8 |      21 |       6 |  22.2
       D:11 |    4106 |    1211 |  22.8 |      42 |      13 |  23.6
       D:12 |    6935 |     461 |   6.2 |      31 |       1 |   3.1
       D:13 |    4123 |    2686 |  39.4 |      36 |       8 |  18.2
       D:14 |   10763 |    2007 |  15.7 |      30 |       1 |   3.2
     Lair:1 |    3896 |     123 |   3.1 |      16 |      12 |  42.9
     Lair:2 |    7192 |    4873 |  40.4 |      22 |      42 |  65.6
     Lair:3 |    3592 |    5939 |  62.3 |      16 |      47 |  74.6
     Lair:4 |    5366 |     947 |  15.0 |      20 |       4 |  16.7
     Lair:5 |    6638 |    1157 |  14.8 |      25 |       1 |   3.8
     Lair:6 |   23898 |    8992 |  27.3 |      49 |      46 |  48.4
      Orc:1 |     769 |       0 |   0.0 |       6 |       0 |   0.0
      Orc:2 |    3722 |    1487 |  28.5 |      31 |      13 |  29.5
     Bailey |       0 |    2130 | 100.0 |       0 |      38 | 100.0
      IceCv |       0 |    5367 | 100.0 |       0 |      23 | 100.0
            +---------+---------+-------+---------+---------+-------
